 Dungeon Crawl Stone Soup version 0.24.0-125-gc4c63601f3 (webtiles) character file.

Game seed: 18252117878437359603, levelgen mode: deterministic

2787 Divind the Cleaver (level 9, -2/79 HPs)
             Began as a Hill Orc Monk on Feb 29, 2020.
             Slain by an orc warrior
             ... wielding a +0 halberd
              (23 damage)
             ... on level 7 of the Dungeon.
             The game lasted 00:36:10 (7563 turns).

Divind the Cleaver (Hill Orc Monk)                  Turns: 7563, Time: 00:36:11

Health: -2/79      AC: 11    Str: 20    XL:     9   Next: 70%
Magic:  9/9        EV: 10    Int: 10    God:
Gold:   255        SH:  0    Dex: 13    Spells: 8/8 levels left

rFire    . . .     SeeInvis .   a - +0 hand axe
rCold    . . .     Gourm    .   (no shield)
rNeg     . . .     Faith    .   d - +0 scale mail
rPois    .         Spirit   .   (no helmet)
rElec    .         Reflect  .   w - +0 cloak
rCorr    .         Harm     .   i - +1 pair of gloves {Str+3}
MR       .....                  (no boots)
Stlth    +.........             e - amulet of magic regeneration
HPRegen  0.23/turn              r - ring of stealth
MPRegen  0.36/turn              (no ring)

@: starving, heavily drained
A: no striking features
a: no special abilities


You were on level 7 of the Dungeon.
You were starving.

You visited 1 branch of the dungeon, and saw 7 of its levels.
You also visited: Ossuary.

You collected 255 gold pieces.

Inventory:

Hand Weapons
 a - a +0 hand axe (weapon)
Armour
 b - a +0 robe
 d - a +0 scale mail (worn)
 i - a +1 pair of gloves of strength (worn)
 w - a +0 cloak (worn)
Jewellery
 e - an amulet of magic regeneration (around neck)
 r - a ring of stealth (left hand)
Wands
 s - a wand of random effects (16)
 y - a wand of paralysis (6)
Scrolls
 m - 2 scrolls of teleportation
 o - a scroll of enchant weapon {unknown}
 q - 4 scrolls of remove curse
 u - a scroll of fear {unknown}
 v - a scroll of vulnerability {unknown}
 x - a scroll of amnesia {unknown}
 z - a scroll of immolation {unknown}
Potions
 c - 2 potions of brilliance
 f - 2 potions of haste
 g - 2 potions of degeneration
 h - 3 potions of lignification
 j - a potion of invisibility
 k - a potion of flight
 l - 2 potions of might
 p - a potion of resistance {unknown}
 t - a potion of magic
Comestibles
 n - a ration


   Skills:
 + Level 7.5(6.2) Fighting
 + Level 11.6(10.1) Axes
 * Level 8.5(7.1) Armour
 - Level 2.4(1.2) Dodging
 + Level 2.4(1.3) Stealth


You had 8 spell levels left.
You didn't know any spells.
Your spell library contained the following spells:

 Spells                   Type           Power        Failure   Level  Hunger
 Animate Skeleton         Necr           N/A          67%         1    ##.....
 Flame Tongue             Conj/Fire      #....        67%         1    ##.....
 Pain                     Necr           #...         67%         1    ##.....
 Throw Flame              Conj/Fire      #.....       82%         2    ###....
 Conjure Flame            Conj/Fire      #.......     96%         3    ####...
 Inner Flame              Hex/Fire       #.......     96%         3    ####...
 Regeneration             Chrm/Necr      #.........   96%         3    ####...
 Vampiric Draining        Necr           #.........   96%         3    ####...
 Animate Dead             Necr           N/A          100%        4    #####..
 Sticky Flame             Conj/Fire      #.......     100%        4    #####..
 Fireball                 Conj/Fire      #.........   100%        5    ######.


Dungeon Overview and Level Annotations

Branches:
Dungeon (7/15)             Temple (0/1) D:4         Ossuary (visited)

Altars:
Ashenzari
Elyvilon
Fedhas
Hepliaklqana
Makhleb
Ru
Xom
The Shining One

Shops:
D:4 *=([


Message History

The bullfrog hits you but does no damage.
The orc barely misses you. The bullfrog barely misses you.
The orc warrior hits you from afar with a +0 halberd!
You see here a hound corpse.
You hit the bullfrog.
The bullfrog is almost dead.
You barely miss the orc. The bullfrog hits you! The orc completely misses you.
The orc warrior barely misses you.
You slash the bullfrog!
You kill the bullfrog!
You hit the orc but do no damage. The orc hits you but does no damage.
You closely miss the orc. You barely miss the orc.
The orc warrior hits you from afar with a +0 halberd.
* * * LOW HITPOINT WARNING * * *
The orc barely misses you. The orc hits you but does no damage.
You hit the orc.
The orc is lightly wounded.
You closely miss the orc. The orc hits you but does no damage.
The orc warrior hits you from afar with a +0 halberd!!
You die...

#... #.
#... ##.#
##..#
###...
#...#
......# #<#
#...o. ##.#
#?....##..#
#....#..##
#...oo@##
#.....o.#
......###.#
..!... ...
.#..! ....
.....
...... ..##
...... .%
......


You could see an orc warrior and 2 orcs.

Vanquished Creatures
  Sigmund (D:3)
  Eustachio (D:5)
  An orc warrior (D:6)
  A sky beast (D:6)
  An ice beast (D:5)
  An ogre (D:6)
  2 big kobolds (D:5)
  3 bullfrogs
  12 scorpions
  3 howler monkeys
  3 wights (D:6)
  2 crimson imps (D:6)
  A centaur zombie (Ossuary)
  2 hounds
  3 orc priests
  5 orc wizards
  2 centaur skeletons
  3 human zombies (Ossuary)
  An iguana (D:4)
  3 worker ants (D:4)
  A big kobold zombie (Ossuary)
  3 mummies (Ossuary)
  Robin (D:3)
  9 adders
  2 scorpion zombies (Ossuary)
  An adder skeleton (D:4)
  A worm (D:2)
  3 dart slugs (D:3)
  6 leopard geckos
  18 orcs
  8 bats
  2 giant cockroaches
  18 goblins
  11 hobgoblins
  8 jackals (D:4)
  3 quokkas
  3 ball pythons
  4 frilled lizards
  A goblin zombie (Ossuary)
  4 hobgoblin zombies (Ossuary)
  A jackal zombie (D:5)
  40 kobolds
  2 kobold zombies (Ossuary)
  2 orc zombies (Ossuary)
  14 rats
217 creatures vanquished.

Vanquished Creatures (others)
  A scorpion (Ossuary)
  An orc zombie (Ossuary)
2 creatures vanquished.

Grand Total: 219 creatures vanquished

Notes
Turn   | Place    | Note
-------+----------+-------------------------------------------
     0 | D:1      | Divind the Hill Orc Monk began the quest for the Orb.
     0 | D:1      | Reached XP level 1. HP: 19/19 MP: 1/1
   341 | D:1      | Reached XP level 2. HP: 27/27 MP: 2/2
   663 | D:1      | Reached skill level 1 in Armour
   840 | D:1      | Reached XP level 3. HP: 29/33 MP: 3/3
  1113 | D:2      | Found a blossoming altar of Fedhas.
  1114 | D:2      | Reached skill level 5 in Axes
  1346 | D:2      | Found a shimmering altar of Xom.
  1399 | D:2      | Reached XP level 4. HP: 40/40 MP: 4/4
  1693 | D:2      | Found a glowing golden altar of the Shining One.
  1798 | D:3      | Reached XP level 5. HP: 38/47 MP: 5/5
  1933 | D:3      | Reached skill level 6 in Axes
  1958 | D:3      | Reached XP level 6. HP: 29/53 MP: 6/6
  2076 | D:3      | Found a sacrificial altar of Ru.
  2127 | D:3      | Noticed Sigmund
  2154 | D:3      | Killed Sigmund
  2287 | D:3      | Noticed Robin
  2306 | D:3      | Killed Robin
  2306 | D:3      | Reached skill level 7 in Axes
  2307 | D:3      | Reached XP level 7. HP: 54/60 MP: 7/7
  2433 | D:3      | Found a white marble altar of Elyvilon.
  2451 | D:3      | Reached skill level 5 in Fighting
  2635 | D:4      | Found Xuis's Assorted Antiques.
  2637 | D:4      | Found Moahebuh's Antique Weapon Boutique.
  2638 | D:4      | Found Faeri's Jewellery Boutique.
  2639 | D:4      | Found Hekluyni's Antique Armour Boutique.
  3102 | D:4      | Found a staircase to the Ecumenical Temple.
  3197 | D:4      | Reached skill level 5 in Armour
  3417 | D:4      | Reached skill level 8 in Axes
  3568 | D:4      | Found a burning altar of Makhleb.
  3700 | D:4      | Reached XP level 8. HP: 67/69 MP: 8/8
  3827 | D:5      | Entered Level 5 of the Dungeon
  3827 | D:5      | Found a shattered altar of Ashenzari.
  3896 | D:5      | Noticed Eustachio
  3938 | D:5      | Killed Eustachio
  4176 | D:5      | Found a sand-covered staircase.
  4245 | Ossuary  | Entered an ossuary
  4273 | Ossuary  | Reached skill level 9 in Axes
  5567 | Ossuary  | Reached skill level 10 in Axes
  5691 | Ossuary  | Reached XP level 9. HP: 36/78 MP: 9/9
  6865 | D:6      | Reached skill level 11 in Axes
  7294 | D:6      | Found a hazy altar of Hepliaklqana.
  7563 | D:7      | Slain by an orc warrior

Levels and vault maps discovered:
D:1:      psy_arrival_fountain, layout_loops_cross, serial_forest,
          infiniplex_forest_zigzag_1, infiniplex_forest_lined_2,
          infiniplex_forest_straight_4, infiniplex_forest_split,
          infiniplex_forest_lined_corner, infiniplex_forest_lined_room_
D:2:      minmay_wonky_spiral, layout_rooms, tso_altar, old_standard_altar,
          fedhas_altar_1
D:3:      layout_rooms, elyvilon_altar_1, nicolae_ru_path_of_blood,
          uniq_sigmund, uniq_robin
D:4:      layout_loops_corners, kennysheep_little_box,
          minmay_temple_entry_drinking_statues, first_ration,
          minmay_shop_grid_forest
D:5:      minmay_goblin_kobold_castle, layout_basic,
          cheibrodos_ashenzari_chains, nicolae_ossuary_entry_false_entrances,
          minivault_19, uniq_eustachio
D:6:      layout_basic, lemuel_coloured_pillars_altar,
          lemuel_zombie_altar_yredelemnul, serial_shops, nicolae_shop_stone,
          corexii_checkpoint_a
D:7:      layout_rooms, nicolae_overflow_hidden_temple, lemuel_round_altar,
          uniq_crazy_yiuf_cottage

Skill      XL: |  1  2  3  4  5  6  7  8  9 |
---------------+----------------------------+-----
Armour         | 1 2 3 4 5 7 8 |  8.5
Fighting       | 4 5 6 7 |  7.5
Axes           | 5 6 7 8 10 11 | 11.6
Stealth        | 2 |  2.4
Dodging        | |  2.4

Action                   |  1- 3 |  4- 6 |  7- 9 || total
-------------------------+-------+-------+-------++-------
Melee: Hand axe          |   137 |   166 |   703 ||  1006
  Use: Scroll            |     2 |     2 |     9 ||    13
       Potion            |     1 |     1 |     6 ||     8
 Stab: Sleeping          |       |       |     2 ||     2
  Eat: Ration            |     1 |     1 |     3 ||     5
       Chunk             |       |       |     3 ||     3
Armor: Scale mail        |    49 |    76 |   321 ||   446
Dodge: Dodged            |   101 |    72 |   384 ||   557
